 Dungeon Crawl Stone Soup version 0.26.0-41-g79a4fc7684 (webtiles) character file.

Game seed: 10464973248116011379

10088 Froggeryz the Brawler (level 11, -6/95 HPs)
             Began as a Ghoul Delver on Jan 26, 2021.
             Was a Plaything of Xom.
             Mangled by a shambling mangrove (22 damage)
             ... on level 1 of the Lair of Beasts.
             The game lasted 00:18:59 (14559 turns).

Froggeryz the Brawler (Ghoul Delver)               Turns: 14559, Time: 00:19:00

Health: -6/95      AC:  9    Str: 19 (20) XL:     11   Next: 56%
Magic:  10/10      EV:  7    Int:  4 (5)  God:    Xom [*.....]
Gold:   551        SH:  5    Dex: 10      Spells: 10/10 levels left

rFire    . . .     SeeInvis .     - Unarmed
rCold    + . .     Faith    +   D - +0 buckler
rNeg     + + +     Spirit   .   p - +0 scale mail
rPois    ∞         Reflect  .   F - +0 helmet (curse)
rElec    .         Harm     .   u - +0 cloak
rCorr    .         Rampage  .   (no gloves)
Will     .....                  (no boots)
Stlth    +.........             E - amulet of faith
HPRegen  0.00/turn              (no ring)
MPRegen  0.12/turn              (no ring)

@: mighty, grasped by roots, constricted
A: claws 1, cold resistance 1, negative energy resistance 3, inhibited
regeneration, torment resistance, unbreathing
a: Renounce Religion


You were on level 1 of the Lair of Beasts.
You worshipped Xom.
You were a special plaything of Xom.
You visited 2 branches of the dungeon, and saw 11 of its levels.
You also visited: Sewer and Bailey.

You collected 551 gold pieces.

Inventory:

Missiles
 h - 29 poisoned darts (quivered)
 s - 7 curare-tipped darts
 G - 8 silver javelins
Armour
 o - a +2 pair of boots of stealth
 p - a +0 scale mail (worn)
 u - a +0 cloak (worn)
 D - a +0 buckler (worn)
 F - a cursed +0 helmet (worn)
 M - a +0 kite shield
Jewellery
 E - an amulet of faith (around neck)
 J - a +6 ring of strength {unknown}
Wands
 a - a wand of disintegration (13)
 f - a wand of digging (11)
 H - a wand of flame (17)
 I - a wand of random effects (18)
Scrolls
 b - 3 scrolls of fog
 c - 5 scrolls of magic mapping
 d - 2 scrolls of fear
 j - 8 scrolls of teleportation
 k - 6 scrolls of remove curse {unknown}
 n - 12 scrolls of enchant weapon {unknown}
 q - 14 scrolls of identify {unknown}
 r - 2 scrolls of enchant armour {unknown}
 w - a scroll of noise {unknown}
 x - 6 scrolls of amnesia {unknown}
 y - a scroll of random uselessness {unknown}
 K - a scroll of summoning {unknown}
Potions
 e - 3 potions of haste
 g - 4 potions of flight
 i - 3 potions of heal wounds
 l - 6 potions of curing
 m - a potion of might
 t - 2 potions of attraction
 v - a potion of resistance {unknown}
 z - 2 potions of brilliance
 A - a potion of cancellation {unknown}
 B - 2 potions of lignification {unknown}
 C - a potion of mutation {unknown}


   Skills:
 + Level 8.5 Fighting
 - Level 4.2 Armour
 - Level 1.7 Dodging
 - Level 5.4 Stealth
 - Level 5.3 Shields
 * Level 15.1 Unarmed Combat


You had 10 spell levels left.
You didn't know any spells.
Your spell library contained the following spells:

 Spells                   Type           Power        Failure   Level
 Magic Dart               Conj           0%           86%         1
 Searing Ray              Conj           0%           94%         2
 Confusing Touch          Hex            0%           99%         3
 Dazzling Flash           Conj/Hex       0%           99%         3
 Gell's Gravitas          Tloc           0%           99%         3
 Fulminant Prism          Conj/Hex       0%           100%        4
 Iskenderun's Mystic Bla  Conj/Tloc      0%           100%        4
 Petrify                  Tmut/Erth      0%           100%        4
 Metabolic Englaciation   Hex/Ice        0%           100%        5
 Yara's Violent Unravell  Hex/Tmut       0%           100%        5


Dungeon Overview and Level Annotations

Branches:
Dungeon (9/15)             Temple (0/1) D:7            Lair (2/6) D:9
  Sewer (visited)          Bailey (visited)
  Swamp: Lair:2-4    Shoals: Lair:2-4     Snake: Lair:2-4    Spider: Lair:2-4
    Orc: D:9-12

Altars:
Cheibriados
Elyvilon
Gozag
Hepliaklqana
Qazlal
Sif Muna
Wu Jian
Xom
Yredelemnul
Zin
The Shining One

Shops:
D:7 (

Annotations:
D:6 1 runed translucent door, Banto's ghost, novice FoAK
D:9 2 transporters, TheCrawlingOne's ghost, novice GnWn


Innate Abilities, Weirdness & Mutations

You thrive by killing the living.
You are immune to poison.
You have sharp fingernails.
Your flesh is cold resistant. (rC+)
You are immune to negative energy. (rN+++)
You do not regenerate when monsters are visible.
You are immune to unholy pain and torment.
You can survive without breathing.


Message History

You scratch the shambling mangrove.
The shambling mangrove is moderately damaged.
You scratch the shambling mangrove.
The shambling mangrove is moderately damaged.
Roots burst forth from the earth!
The grasping roots grab you!
* * * LOW HITPOINT WARNING * * *
The grasping roots constrict you.
You claw the shambling mangrove!
The shambling mangrove is heavily damaged.
The shambling mangrove hits you!
* * * LOW HITPOINT WARNING * * *
x2 The grasping roots constrict you.
You barely miss the shambling mangrove.
The shambling mangrove is heavily damaged.
You barely miss the shambling mangrove.
The shambling mangrove is heavily damaged.
The shambling mangrove hits you!!
You die...
Xom roars with laughter!

.........# ##..............#
........####...............#
.......## #................#
.......####...........#######
......###P...............§§§#
.......###.............)$.§§#
.†......................$.§§#
...##.#.######..f.#....$[.§.#
.#.###### ##.@###.....[..#
...# ##..###.########## ..##
######..#####........* ..#
##.#.#.(..####.......#* #.#
##.#........##......^.# #.##
#P............#.......# #(.#
#.........(...#......## ..##
##........((..#..#...# .##
##.......(.........##


You could see a shambling mangrove.

Vanquished Creatures
  A shambling mangrove (Lair:1)
  2 two-headed ogres (D:9)
  2 oklob plants (Lair:1)
  A black mamba (Lair:1)
  A cane toad (Lair:1)
  A komodo dragon (Lair:1)
  3 hornets (Lair:1)
  Grinder (D:3)
  Sigmund (D:3)
  A yak (Lair:1)
  Eustachio (D:5)
  Menkaure (D:5)
  3 water moccasins
  An acid dragon (Lair:1)
  A black bear (D:9)
  6 orc warriors
  3 sky beasts
  An ice beast (D:7)
  A phantom (D:8)
  5 ogres
  2 centaurs
  Blork the orc (D:5)
  2 big kobolds (Sewer)
  The ghost of lawnmower the Magician, an amateur DEWz (D:3)
  8 bullfrogs
  Dowan (D:6)
  A wyvern skeleton (D:9)
  3 scorpions
  11 wights
  2 bullfrog zombies (D:9)
  2 orc priests
  4 hounds
  3 jellies
  10 orc wizards
  Crazy Yiuf (D:5)
  A bullfrog skeleton (D:8)
  4 iguanas
  6 worker ants
  2 hound skeletons
  2 gnolls
  9 adders
  3 river rats (Sewer)
  2 shadow imps
  3 white imps
  4 ufetubi
  An adder zombie (D:7)
  An adder skeleton (D:9)
  A worm (D:5)
  4 dart slugs
  4 leopard geckos (D:5)
  37 orcs
  6 ball pythons (Sewer)
  15 giant cockroaches
  20 goblins
  21 hobgoblins
  4 jackals (D:4)
  22 kobolds
  4 quokkas
  8 bats
  11 frilled lizards
  A jackal skeleton (D:7)
  30 rats
  A spectral orc (D:7)
316 creatures vanquished.

Vanquished Creatures (collateral kills)
  A wyvern (D:8)
  A wight (D:8)
  An orc (D:8)
  2 goblins (D:8)
5 creatures vanquished.

Vanquished Creatures (others)
  An orc (Bailey)
  2 goblins (Bailey)
  A hobgoblin (Bailey)
  16 fungi
  12 plants
  2 withered plants (D:3)
34 creatures vanquished.

Grand Total: 355 creatures vanquished

Notes
Turn   | Place    | Note
-------+----------+-------------------------------------------
     0 | D:5      | Froggeryz the Ghoul Delver began the quest for the Orb.
     0 | D:5      | Reached XP level 1. HP: 19/19 MP: 0/0
    20 | D:5      | Noticed an orc wizard
    92 | D:5      | Found a glowing drain.
    98 | D:5      | Reached skill level 3 in Unarmed Combat
    98 | D:5      | Reached XP level 2. HP: 21/26 MP: 1/1
   110 | Sewer    | Entered a sewer
   248 | Sewer    | Reached XP level 3. HP: 30/31 MP: 2/2
   276 | Sewer    | Reached skill level 4 in Unarmed Combat
   595 | Sewer    | Noticed a big kobold
   613 | Sewer    | Killed a big kobold
   614 | Sewer    | Reached skill level 5 in Unarmed Combat
   614 | Sewer    | Reached XP level 4. HP: 31/38 MP: 3/3
   614 | Sewer    | Reached XP level 5. HP: 37/45 MP: 4/4
  1230 | Sewer    | Reached skill level 6 in Unarmed Combat
  1420 | Sewer    | Noticed a big kobold
  1464 | Sewer    | Killed a big kobold
  1465 | Sewer    | Reached XP level 6. HP: 39/51 MP: 5/5
  1829 | D:4      | Reached skill level 7 in Unarmed Combat
  1994 | D:3      | Noticed Sigmund
  2005 | D:3      | Killed Sigmund
  2006 | D:3      | Reached skill level 8 in Unarmed Combat
  2006 | D:3      | Reached XP level 7. HP: 51/57 MP: 6/6
  2153 | D:3      | Found a runed translucent door.
  2153 | D:3      | Noticed lawnmower's ghost (amateur DEWz)
  2324 | D:3      | Noticed Grinder
  2399 | D:3      | Paralysed by Grinder for 4 turns
  2414 | D:3      | Killed Grinder
  2708 | D:2      | Reached skill level 9 in Unarmed Combat
  2746 | D:2      | Found a shimmering blue altar of Sif Muna.
  2993 | D:2      | Found a white marble altar of Elyvilon.
  4649 | D:3      | Killed lawnmower's ghost
  4745 | D:4      | Reached XP level 8. HP: 28/63 MP: 7/7
  4748 | D:4      | Reached skill level 1 in Armour
  4986 | D:4      | Reached skill level 10 in Unarmed Combat
  5140 | D:4      | Found a shimmering altar of Xom.
  5540 | D:4      | Became a worshipper of Xom of Chaos
  5578 | D:5      | Noticed Eustachio
  5590 | D:5      | Killed Eustachio
  5688 | D:5      | XOM: silly message
  5691 | D:5      | XOM: silly message
  5849 | D:5      | XOM: silly message
  6024 | D:5      | Noticed Blork the orc
  6038 | D:5      | Killed Blork the orc
  6053 | D:5      | Noticed Menkaure
  6062 | D:5      | XOM: noise
  6065 | D:5      | Killed Menkaure
  6066 | D:5      | Reached skill level 11 in Unarmed Combat
  6093 | D:5      | Reached XP level 9. HP: 38/70 MP: 8/8
  6241 | D:5      | XOM: silly message
  6321 | D:5      | Found a runed translucent door.
  6322 | D:5      | Noticed Crazy Yiuf
  6566 | D:5      | Killed Crazy Yiuf
  6613 | D:5      | XOM: blink monster(s)
  6888 | D:6      | Noticed Banto's ghost (novice FoAK)
  6931 | D:6      | Found a runed translucent door.
  6957 | D:6      | Found an opulent altar of Gozag.
  6960 | D:6      | XOM: repel stairs
  7087 | D:6      | XOM is BORED!
  7087 | D:6      | XOM: stat loss: -1 Str (18/19)
  7114 | D:6      | Noticed Duvessa
  7115 | D:6      | Noticed Dowan
  7121 | D:6      | Noticed Duvessa
  7121 | D:6      | Duvessa changed into Duvessa the centaur
  7121 | D:6      | XOM: polymorph Duvessa -> Duvessa the centaur
  7124 | D:6      | Killed Duvessa the centaur
  7125 | D:6      | Killed Dowan
  7126 | D:6      | Reached skill level 12 in Unarmed Combat
  7167 | D:6      | XOM: noise
  7170 | D:6      | XOM: 10-stop teleportation journey
  7195 | D:6      | XOM: confuse monster(s)
  7748 | D:7      | Found a stormy altar of Qazlal.
  7751 | D:7      | Found a snail-covered altar of Cheibriados.
  7754 | D:7      | Found an ornate altar of the Wu Jian Council.
  8049 | D:7      | XOM: scenery: 1 doors close
  8117 | D:7      | Found Bylaisy's Antique Weapon Shoppe.
  8167 | D:7      | Reached skill level 5 in Fighting
  8274 | D:7      | Found a staircase to the Ecumenical Temple.
  8443 | D:7      | Found a glowing golden altar of the Shining One.
  8562 | D:7      | Reached skill level 1 in Shields
  8725 | D:7      | Found a basalt altar of Yredelemnul.
  8841 | D:8      | XOM: summons 9 friendly demons
  8844 | D:8      | Reached XP level 10. HP: 59/81 MP: 9/9
  8860 | D:8      | Found a flagged portal.
  8870 | Bailey   | Entered a bailey
  9050 | Bailey   | XOM: god gift: 8 silver javelins
  9169 | Bailey   | XOM: cloud trail
  9254 | Bailey   | XOM: destruction
  9291 | Bailey   | XOM: confuse monster(s)
  9370 | Bailey   | Noticed an orc warlord
  9396 | Bailey   | XOM: cast spell 'Alistair's Intoxication'
  9404 | Bailey   | HP: 4/81 [orc warlord/+4 great sword of holy wrath (18)]
  9732 | D:8      | Reached skill level 5 in Shields
  9733 | D:8      | XOM: cast spell 'Summon Horrible Things'
 10071 | D:8      | XOM: smoke on damage
 10148 | D:8      | XOM: 5-stop teleportation journey
 10311 | D:8      | XOM: summons 6 hostile demons
 10461 | D:8      | XOM: enchant monster (bad)
 10505 | D:8      | Found a glowing silver altar of Zin.
 10687 | D:9      | Noticed a two-headed ogre
 10689 | D:9      | XOM: noise
 10690 | D:9      | XOM: silly message
 10708 | D:9      | Reached skill level 13 in Unarmed Combat
 10712 | D:9      | Killed a two-headed ogre
 10773 | D:9      | Noticed a two-headed ogre
 10781 | D:9      | Killed a two-headed ogre
 10860 | D:9      | Found a transporter.
 11083 | D:9      | Found a hazy altar of Hepliaklqana.
 11158 | D:9      | Reached skill level 14 in Unarmed Combat
 11158 | D:9      | Reached XP level 11. HP: 85/92 MP: 10/10
 11246 | D:9      | XOM: stat loss: -1 Int (4/5)
 11287 | D:9      | Found a staircase to the Lair.
 11312 | D:9      | XOM: 5-stop teleportation journey
 11391 | D:9      | XOM: god gift: 4 large rocks
 11428 | D:9      | Found a transporter.
 11450 | D:9      | Noticed TheCrawlingOne's ghost (novice GnWn)
 11483 | Lair:1   | Entered Level 1 of the Lair of Beasts
 11736 | Lair:1   | XOM: divination: detect creatures
 12198 | Lair:1   | Noticed Joseph
 12199 | Lair:1   | XOM: divination: magic mapping
 12200 | Lair:1   | XOM: cast spell 'Disjunction'
 12207 | Lair:1   | Noticed Joseph
 12207 | Lair:1   | Joseph changed into Joseph the acid dragon
 12207 | Lair:1   | XOM: polymorph Joseph -> Joseph the acid dragon
 12224 | Lair:2   | XOM: 1-stop teleportation journey
 12227 | Lair:2   | XOM: potion effect (curing)
 12518 | Lair:1   | XOM: cloud trail
 12620 | Lair:1   | Noticed an oklob plant
 12636 | Lair:1   | Killed Joseph the acid dragon
 12870 | Lair:1   | XOM: confusion (+ monsters)
 12915 | Lair:1   | XOM: summons 1 hostile shadow creature
 13246 | Lair:1   | Noticed an oklob plant
 13246 | Lair:1   | Noticed an oklob plant
 13246 | Lair:1   | Noticed an oklob plant
 13247 | Lair:1   | Noticed a shambling mangrove
 13247 | Lair:1   | an oklob plant changed into a shambling mangrove
 13247 | Lair:1   | XOM: polymorph oklob plant -> shambling mangrove
 13260 | Lair:1   | Killed a shambling mangrove
 13263 | Lair:1   | XOM: silly message
 13275 | Lair:1   | XOM: blink monster(s)
 13568 | Lair:1   | XOM: summons 1 hostile shadow creature
 13578 | Lair:1   | XOM: summons 1 hostile shadow creature
 13674 | Lair:1   | XOM: stat loss: -1 Int (4/5)
 13675 | Lair:1   | XOM: noise
 13681 | Lair:1   | Killed an oklob plant
 13682 | Lair:1   | Reached skill level 15 in Unarmed Combat
 13683 | Lair:1   | Killed an oklob plant
 13700 | Lair:1   | XOM: stat loss: -1 Int (4/5)
 13986 | Lair:1   | XOM: silly message
 14271 | Lair:1   | XOM: silly message
 14331 | Lair:1   | XOM: smoke on damage
 14508 | Lair:1   | XOM: swap monsters
 14525 | Lair:1   | XOM: stat loss: -1 Str (19/20)
 14532 | Lair:1   | Noticed a shambling mangrove
 14532 | Lair:1   | an oklob plant changed into a shambling mangrove
 14532 | Lair:1   | XOM: polymorph oklob plant -> shambling mangrove
 14559 | Lair:1   | Mangled by a shambling mangrove

Illustrated notes

Levels and vault maps discovered:
D:1:      eino_arrival_cavern_e, layout_basic
D:2:      layout_loops_ring, general_overflow_altar, elyvilon_altar_5
D:3:      layout_basic, gammafunk_ghost_grave, uniq_sigmund, uniq_grinder
D:4:      layout_loops_cross, lemuel_crystal_altar
D:5:      layout_cave_pools, gup_sewer_entry_pipe, uniq_prince_ribbit1,
          uniq_menkaure, uniq_eustachio, uniq_blork_the_orc,
          uniq_crazy_yiuf_cottage
D:6:      layout_basic, old_standard_altar, ebering_ghost_sewer_d, uniq_duvessa
D:7:      layout_basic, yredelemnul_forgotten_temple_becter,
          grunt_temple_overflow_diamond, tso_oasis_becter,
          minmay_temple_entry_glassed_door, serial_shops, shop,
          kennysheep_potato
D:8:      layout_basic, overflow_temple_1_default, enter_bailey_3
D:9:      layout_big_octagon, nzn_hepliaklqana_mist_gate,
          grunt_lair_entry_orc_guard_hut, nzn_ghost_randoct
Lair:1:   layout_cave_pods, minmay_lair_oklob_chamber, lemuel_fruit_fields,
          uniq_joseph
Lair:2:   layout_misc_corridors, serial_rivers, chequers_serial_rivers_small_3,
          chequers_serial_rivers_large_a, chequers_serial_rivers_micro_a,
          chequers_serial_rivers_micro_a, hangedman_lair_generics_rect,
          lemuel_fruit_tree

Skill      XL: |  1  2  3  4  5  6  7  8  9 10 11 |
---------------+----------------------------------+-----
Unarmed Combat | 3 5 6 8 9 11 12 14 15 | 15.1
Armour         | 3 4 |  4.2
Fighting       | 5 7 8 |  8.5
Shields        | 2 5 |  5.3
Dodging        | |  1.7
Stealth        | |  5.4

Action                   |  1- 3 |  4- 6 |  7- 9 | 10-12 || total
-------------------------+-------+-------+-------+-------++-------
Melee: Unarmed           |   108 |   107 |   482 |   346 ||  1043
       Punch             |       |     3 |    13 |     3 ||    19
Throw: Dart              |       |    13 |     8 |     5 ||    26
Evoke: Wand              |       |       |     2 |    32 ||    34
  Use: Potion            |     2 |     2 |     2 |     8 ||    14
       Scroll            |       |       |       |     4 ||     4
 Stab: Sleeping          |     2 |     2 |     9 |     1 ||    14
       Invisible         |       |       |     2 |       ||     2
       Distracted        |       |       |     1 |       ||     1
       Paralysed         |       |       |       |     6 ||     6
       Confused          |       |       |       |     1 ||     1
Armor: Leather armour    |    28 |    17 |       |       ||    45
       Scale mail        |       |       |   159 |    73 ||   232
Dodge: Dodged            |    67 |    77 |   189 |   133 ||   466
Block: Buckler           |       |       |       |    47 ||    47
